 Dungeon Crawl Stone Soup version 0.31-a0-851-g7ff8af7976 (webtiles) character file.

Game seed: 6484876036519852373

259 Psyclone the Ruffian (level 5, 0/30 HPs)
             Began as a Draconian Shapeshifter on Oct 5, 2023.
             Slain by Crazy Yiuf
             ... wielding a +4 quarterstaff of chaos
              (7 damage)
             ... on level 3 of the Dungeon.
             The game lasted 00:05:47 (2577 turns).

Psyclone the Ruffian (Draconian Shapeshifter)       Turns: 2577, Time: 00:05:48

Health: 0/30       AC:  6    Str: 16    XL:     5   Next: 94%
Magic:  5/5        EV: 12    Int: 10    God:
Gold:   118        SH:  0    Dex: 13    Spells: 2/4 levels left

rFire   . .          .
                       - Unarmed
rCold   . . .        (shield currently unavailable)
rNeg    . . .        (body armour unavailable)
rPois   .            (helmet restricted)
rElec   .            (no cloak)
rCorr   .            (no gloves)
SInv    .            j - +0 pair of boots
Will    .....        (no amulet)
Stlth   +            (no ring)
HPRegen 0.25/turn    (no ring)
MPRegen 0.09/turn

%: no passive effects
@: lethally poisoned (0 -> -2), flux-form, slowed, glowing, very slow
A: glow, contaminating, reduced hp, AC +5, unfitting armour, cold-blooded
a: Begin Untransformation


You were on level 3 of the Dungeon.
You were something dangerously unstable.
You visited 1 branch of the dungeon, and saw 3 of its levels.

You collected 118 gold pieces.

Inventory:

Armour
 j - a +0 pair of boots (worn)
Jewellery
 m - a ring of magical power
Talismans
 b - a beast talisman
 c - a flux talisman (active)
Scrolls
 d - a scroll of identify {unknown}
 e - a scroll of enchant weapon {unknown}
 g - 2 scrolls of teleportation {unknown}
 h - a scroll of amnesia {unknown}
 i - a scroll of vulnerability {unknown}
 k - a scroll of fog {unknown}
 l - a scroll of acquirement {unknown}
 n - a scroll of noise {unknown}
 o - a scroll of brand weapon {unknown}
 p - a scroll of summoning {unknown}
Potions
 a - 2 potions of lignification
 f - a potion of heal wounds {unknown}


   Skills:
 - Level 1.1 Fighting
 - Level 1.7 Dodging
 * Level 4.9 Unarmed Combat
 + Level 2.2 Translocations
 + Level 4.5 Shapeshifting


You had 2 spell levels left.
You knew the following spells:

 Your Spells              Type           Power      Damage    Failure   Level
q - Blink                 Tloc           8%         N/A       24%         2

Your spell library contained the following spells:

 Spells                   Type           Power      Damage    Failure   Level
 Lesser Beckoning         Tloc           8%         N/A       24%         2
 Momentum Strike          Conj/Tloc      4%         3d8       36%         2


Dungeon Overview and Level Annotations

Branches:
Dungeon (3/15) Zot: 15435

Altars:

Shops:
D:3 :

Annotations:
D:3 Crazy Yiuf


Innate Abilities, Weirdness & Mutations

You are something dangerously unstable.
You glow with magical radiation, making you easy to see and hit.
Foes you strike become dangerously contaminated with magical radiation.
Your maximum health is decreased, since you lack skill for your form.
You are incapable of wielding weapons or throwing items.
Your plain brown scales are hard. (AC +5)
You cannot fit into any form of body armour.
You are cold-blooded and may be slowed by cold attacks.


Message History

A goblin comes into view. It is wielding a +0 dagger.
The goblin shouts!
You closely miss the goblin. The goblin hits you but does no damage.
You hit the goblin but do no damage.
The goblin begins to glow.
Your tail-slap misses the goblin.
You barely miss the goblin. The goblin hits you but does no damage.
You barely miss the goblin. The goblin hits you but does no damage.
You closely miss the goblin. You tail-slap the goblin.
The goblin is moderately wounded.
The goblin hits you with a +0 dagger.
You take 3 damage, and have 27/30 hp.
You barely miss the goblin.
Your tail-slap misses the goblin.
The goblin is moderately wounded.
The goblin misses you.
A goblin is nearby!
You hit the goblin.
You kill the goblin!
Found a hammer.
Found a runed translucent door.
Health restored: 30 Crazy Yiuf shouts!
Crazy Yiuf says, "Snoogle high King!"
You open the door. You hit Crazy Yiuf.
Crazy Yiuf begins to glow.
You tail-slap Crazy Yiuf.
Crazy Yiuf is moderately wounded.
Crazy Yiuf hits you with a +4 quarterstaff of chaos.
You are poisoned.
You take 2 damage, and have 28/30 hp.
You barely miss Crazy Yiuf.
Crazy Yiuf is moderately wounded.
You feel sick.
Crazy Yiuf hits you with a +4 quarterstaff of chaos!
Ouch! That really hurt!
You feel yourself slow down. Crazy Yiuf freezes you.
* * * LOW HITPOINT WARNING * * *
You take 20 damage, and have 8/30 hp.
MASSIVE DAMAGE!!
You hit Crazy Yiuf but do no damage.
Crazy Yiuf glows dangerously bright.
Crazy Yiuf is moderately wounded.
You feel sick.
Crazy Yiuf hits you with a +4 quarterstaff of chaos!
You die...

#....### #.#
#....# #.#
#P..P# #.#
#.PP##
#########..
##.##
#..........
#.##
##.########.
##.#
#.....(.....
#.##
#..######.#.
##p# #..#
#... #g#
#^.########.
... #......#
## #...#
#.####.#
#..)# #.#
#.# #####
#.# #.# ###
##.##
#...####
#.......


You could see Crazy Yiuf (heavy contam).

Vanquished Creatures
  Sigmund (D:3)
  3 adders (D:2)
  An ufetubus (D:3)
  A worm (D:2)
  3 dart slugs
  An endoplasm (D:1)
  2 giant cockroaches
  2 goblins
  10 hobgoblins
  2 jackals (D:3)
  A quokka (D:1)
  7 ball pythons
  6 bats
  4 frilled lizards
  8 kobolds
  7 rats
59 creatures vanquished.

Notes
Turn   | Place    | Note
-------+----------+-------------------------------------------
     0 | D:1      | Psyclone the Draconian Shapeshifter began the quest for the
                  | Orb.
     0 | D:1      | Reached XP level 1. HP: 16/16 MP: 1/1
   109 | D:1      | Reached XP level 2. HP: 7/23 MP: 2/2
   662 | D:1      | Reached XP level 3. HP: 19/28 MP: 3/3
   676 | D:1      | Learned a level 2 spell: Blink
  1355 | D:2      | Found a faded altar of an unknown god.
  1385 | D:2      | Reached XP level 4. HP: 24/35 MP: 4/4
  1726 | D:2      | Reached skill level 1 in Translocations
  2108 | D:3      | Noticed Sigmund
  2121 | D:3      | Killed Sigmund
  2122 | D:3      | Reached XP level 5. HP: 15/40 MP: 5/5
  2263 | D:3      | Found Piusutwi's Vocational Training.
  2570 | D:3      | Found a runed translucent door.
  2571 | D:3      | Noticed Crazy Yiuf
  2577 | D:3      | Slain by Crazy Yiuf

Illustrated notes

Levels and vault maps discovered:
D:1:      ncdulo_halloftheorcs, layout_basic, minmay_heptomino_w4
D:2:      layout_loops_ring, chequers_ecumenical_altar_grove, chequers_avenue,
          hangedman_decor_peaks_small
D:3:      layout_loops_ring, nicolae_shop_vocational, uniq_crazy_yiuf_cottage,
          uniq_sigmund

Skill      XL: |  1  2  3  4 |
---------------+-------------+-----
Shapeshifting  | 4 |  4.5
Translocations | 2 |  2.2
Unarmed Combat | 4 |  4.9
Fighting       | |  1.1
Dodging        | |  1.7

Action                     |  1- 3 |  4- 6 || total
---------------------------+-------+-------++-------
  Melee: Unarmed           |   141 |    87 ||   228
         Tailslap          |    20 |    12 ||    32
 Armour: Skin              |    69 |    47 ||   116
  Dodge: Dodged            |    97 |    49 ||   146
   Form: Flux              |     1 |       ||     1

Table legend: (Time is in decaauts)
 A = Elapsed time spent in this place.
 B = Non-inter-level travel time spent in this place.
 C = Inter-level travel time spent in this place.
 D = Time resting spent in this place.
 E = Time spent auto-exploring this place.
 F = Levels seen in this place.
 G = Mean time per level.
                   A        B        C        D        E       F      G
               +--------+--------+--------+--------+--------+-----+--------+
         Total |   2562 |   2472 |     90 |     56 |   1948 |   3 |  854.0 |
       Dungeon |   2562 |   2472 |     90 |     56 |   1948 |   3 |  854.0 |
               +--------+--------+--------+--------+--------+-----+--------+

Top non-repeatable levels by time:
     D:1: 1131 daAuts
     D:2: 802 daAuts
     D:3: 628 daAuts
